 Dungeon Crawl Stone Soup version 0.20.0-6-gd3061e9 (webtiles) character file.

17 inmateoo the Insei (level 2, 0/16 HPs)
             Began as a Tengu Transmuter on May 28, 2017.
             Slain by a leopard gecko (4 damage)
             ... on level 1 of the Dungeon.
             The game lasted 00:01:09 (819 turns).

inmateoo the Insei (Tengu Transmuter)                Turns: 819, Time: 00:01:10

Health: 0/16       AC:  6    Str: 10    XL:     2   Next: 62%
Magic:  5/6        EV:  9    Int: 13    God:
Gold:   58         SH:  0    Dex: 14    Spells: 4/5 levels left

rFire    . . .     SeeInvis .     - Unarmed
rCold    . . .     Gourm    .   (no shield)
rNeg     . . .     Faith    .   j - +0 scale mail
rPois    .         Spirit   .   (helmet restricted)
rElec    .         Reflect  .   (no cloak)
rCorr    .         Harm     .   (no gloves)
MR       .....                  (boots unavailable)
Stlth    ..........             (no amulet)
Regen    0.1/turn               (no ring)
MPRegen  0.1/turn               (no ring)

@: very slightly contaminated
A: beak, talons 3
a: no special abilities


You were on level 1 of the Dungeon.
You were not hungry.

You visited 1 branch of the dungeon, and saw 1 of its levels.

You collected 58 gold pieces.

Inventory:

Missiles
 a - 12 arrows
 f - 7 poisoned needles
Armour
 j - a +0 scale mail (worn)
Scrolls
 e - a scroll of teleportation {unknown}
 g - 2 scrolls of remove curse {unknown}
 i - a scroll of recharging {unknown}
Potions
 h - a potion of resistance {unknown}
Books
 c - a book of Changes

   Spells                             Type                      Level
   a - Beastly Appendage              Transmutation                1
   b - Sticks to Snakes               Transmutation                2
   c - Spider Form                    Transmutation/Poison         3
   d - Ice Form                       Ice/Transmutation            4
   e - Blade Hands                    Transmutation                5
Comestibles
 d - a bread ration


   Skills:
 - Level 1.0 Fighting
 - Level 2.1 Dodging
 + Level 4.2 Unarmed Combat
 - Level 2.0 Spellcasting
 - Level 1.5 Transmutations


You had 4 spell levels left.
You knew the following spells:

 Your Spells              Type           Power        Failure   Level  Hunger
a - Beastly Appendage     Tmut           #.....       69%         1    ##.....


Dungeon Overview and Level Annotations

Branches:
Dungeon (1/15)

Altars:


Innate Abilities, Weirdness & Mutations

You have a beak for a mouth.
You have claws for feet.


Message History

You barely miss the leopard gecko. The leopard gecko bites you.
You completely miss the leopard gecko. Your kick misses the leopard gecko.
The leopard gecko bites you but does no damage.
You miss the leopard gecko. Your kick misses the leopard gecko.
The leopard gecko closely misses you.
Your scale mail prevents you from hitting the leopard gecko.
The leopard gecko bites you.
You completely miss the leopard gecko. Your kick misses the leopard gecko.
The leopard gecko bites you but does no damage.
Casting: Beastly Appendage
Confirm with . or Enter, or press ? or * to list all spells.
You miscast Beastly Appendage.
You are very lightly contaminated with residual magic.
Nothing appears to happen.
The leopard gecko bites you.
You hit the leopard gecko but do no damage.
The leopard gecko bites you.
* * * LOW HITPOINT WARNING * * *
Your scale mail prevents you from hitting the leopard gecko.
The leopard gecko bites you.
You die...

#.#.............###.##
#....####..####.##...#
#####..####..####.##...###
#.........................#
#.####..####..####........#
#..# #..####........# #..#
#.........)..#.#
#..####..####.#....#..
#...l@......รท..#.#####
#.........####)###.####
#..#..###..###.## ##...# .
##...........###.##.#
$.#########..#.###.# ..
#.#.####.# #. ...#####..#
## ###.# #.... #.# ##..#


You could see a leopard gecko.

Vanquished Creatures
  A leopard gecko (D:1)
  4 bats (D:1)
  A giant cockroach (D:1)
  2 goblins (D:1)
  3 hobgoblins (D:1)
  3 kobolds (D:1)
  A rat (D:1)
15 creatures vanquished.

Notes
Turn   | Place    | Note
-------+----------+-------------------------------------------
     0 | D:1      | inmateoo the Tengu Transmuter began the quest for the Orb.
     0 | D:1      | Reached XP level 1. HP: 12/12 MP: 4/4
   173 | D:1      | Reached XP level 2. HP: 14/16 MP: 6/6
   457 | D:1      | Reached skill level 4 in Unarmed Combat
   819 | D:1      | Slain by a leopard gecko

Skill      XL: |  1  2 |
---------------+-------+-----
Unarmed Combat | 4 |  4.2
Fighting       | |  1.0
Dodging        | |  2.1
Spellcasting   | |  2.0
Transmutations | |  1.5

Action                   || total
-------------------------++-------
Melee: Unarmed           ||    46
       Kick              ||     5
       Peck              ||     5
       Headbutt          ||     1
 Cast: Beastly Appendage ||     4
Armor: Robe              ||     9
       Scale mail        ||     2
Dodge: Dodged            ||    26
